cohdb
Replays
Latest Replays
All Replays
Popular Replays
Top Player Replays
Match Explorer
How It Works
Community
CoH3 Stats
Reddit
Sign in to upload your games and track your stats! →
Sign in with Steam
Match 41775348
Unlisted
Match 41775348
Overview
Messages
Build Orders
End
Royal Engineer Section
Vickers Machine Gun Team
Construct Section Command Post
Infantry Section
Infantry Section
Selects Canadian Shock Battlegroup
Selects Attacking Spirit
Selects Canadian Shock Section
Canadian Shock Section
Construct Field Infirmary
Canadian Shock Section
Grenade Package
Selects Incendiary Munitions
Construct Platoon Command Post
ML 3-inch Mortar Team
6-pounder Anti-tank Gun Team
Selects Pyrotechnics
Construct Company Command Post
Foot Guards Section
Unlock M3 Grant Medium Tanks
Blazing_1
Liviu
TotallyUndressed
iceman
DanGer_
moon star-TR
0
0
Comments
sign in to comment!
No comments posted yet!